 Dungeon Crawl Stone Soup version 0.25-a0-426-g7d9e569eea (webtiles) character file.

Game seed: 14542572334010068008, levelgen mode: deterministic

154 Kohma the Chiller (level 5, -4/35 HPs)
             Began as a Merfolk Ice Elementalist on Jan 25, 2020.
             Shot with an arrow by a centaur (10 damage)
             ... on level 3 of the Dungeon.
             The game lasted 00:09:26 (3006 turns).

Kohma the Chiller (Merfolk Ice Elementalist)        Turns: 3006, Time: 00:09:27

Health: -4/35      AC:  3    Str:  8    XL:     5   Next: 35%
Magic:  7/10       EV: 13    Int: 16    God:
Gold:   49         SH:  0    Dex: 14    Spells: 3/11 levels left

rFire    . . .     SeeInvis +   a - +1 trident
rCold    . . .     Gourm    .   (no shield)
rNeg     . . .     Faith    .   l - +1 robe
rPois    .         Spirit   .   (no helmet)
rElec    .         Reflect  .   (no cloak)
rCorr    .         Harm     .   (no gloves)
MR       .....                  (no boots)
Stlth    ++........             (no amulet)
HPRegen  0.11/turn              d - ring of see invisible
MPRegen  0.12/turn              (no ring)

@: very slightly contaminated
A: change form in water, swift swim, stealthy swim
a: no special abilities


You were on level 3 of the Dungeon.
You were hungry.

You visited 1 branch of the dungeon, and saw 3 of its levels.

You collected 49 gold pieces.

Inventory:

Hand Weapons
 a - a +1 trident (weapon)
 b - a +0 flail of protection
 r - a +0 spear
Missiles
 h - 73 stones
 o - 41 poisoned darts (quivered)
Armour
 l - a +1 robe (worn)
Jewellery
 d - a ring of see invisible (left hand)
 e - a cursed -3 ring of dexterity {unknown}
Scrolls
 g - a scroll of immolation {unknown}
Potions
 f - 2 potions of curing
 i - a potion of cancellation {unknown}
 j - a potion of flight
 k - a potion of might
 m - 2 potions of heal wounds {unknown}
 q - a potion of agility {unknown}
Comestibles
 c - 5 rations
 s - 3 chunks of flesh


   Skills:
 - Level 2.6 Dodging
 - Level 2.1 Stealth
 + Level 3.6 Spellcasting
 + Level 0.2 Charms
 + Level 0.5 Summonings
 * Level 5.8 Ice Magic


You had 3 spell levels left.
You knew the following spells:

 Your Spells              Type           Power        Failure   Level  Hunger
a - Freeze                Ice            ###.         1%          1    None
b - Ozocubu's Armour      Chrm/Ice       ##......     16%         3    ###....
c - Summon Ice Beast      Ice/Summ       ##......     43%         4    ####...

Your spell library contained the following spells:

 Spells                   Type           Power        Failure   Level  Hunger
 Hailstorm                Conj/Ice       ##......     45%         4    ####...


Dungeon Overview and Level Annotations

Branches:
Dungeon (3/15)

Altars:
The Shining One


Message History

You throw a poisoned dart. The poisoned dart hits the centaur.
The centaur shoots an arrow.
The arrow hits you.
The centaur shoots an arrow.
The arrow closely misses you.
Throwing (i - inventory. (/) - cycle)
o - 42 poisoned darts (quivered)
Press: ? - help, Shift-Dir - straight line, f/p - centaur
Aim: a centaur, wielding a +0 shortbow and quivering 23 arrows You throw a poisoned dart.
The poisoned dart hits the centaur.
The centaur is poisoned.
The centaur shoots an arrow.
The arrow hits you.
Casting: Freeze (safe; 1% risk of failure)
Confirm with . or Enter, or press ? or * to list all spells.
You miscast Ozocubu's Armour.
You are very lightly contaminated with residual magic.
You feel a strange surge of energy!
You are feeling hungry.
The centaur shoots an arrow.
The arrow hits you!
* * * LOW HITPOINT WARNING * * *
You feel better.
The centaur shoots an arrow.
The arrow hits you.
* * * LOW HITPOINT WARNING * * *
The centaur shoots an arrow.
The arrow hits you!
You die...

......# *,,,,,,***,* *,,,,,,,
......#******......* *,*#*,,,,,,,
.......,,,,**,.....* *,.#*,,,,,,,
.......,,,,**,,....####.###*,****
.............,,,....%.....#*,****
............#,,,,......#...,,,,,,
............#,,,,,.........,,,,,,
............**,####........,,,,,,
...###....#,**,#@##)..........,,,
...#......#,,,,#..)....c#.....,,,
...#......######)##..(.(#..#.#*##
...#.......................#.# #.
.....[#.########.##.....##...# #.
......#......###.########*#..# #.
......#.......##.# **#>##*#.)# #.
.)#####.......##.##*8...8###.###.
..# #...........#*,....##...##.


You could see a centaur.

Vanquished Creatures
  An orc wizard (D:2)
  Terence (D:3)
  4 adders
  3 worms
  2 leopard geckos
  6 orcs
  A ball python (D:3)
  2 giant cockroaches
  5 goblins
  7 hobgoblins
  2 quokkas (D:3)
  2 bats (D:1)
  5 frilled lizards
  5 kobolds
  5 rats
51 creatures vanquished.

Notes
Turn   | Place    | Note
-------+----------+-------------------------------------------
     0 | D:1      | Kohma the Merfolk Ice Elementalist began the quest for the
                  | Orb.
     0 | D:1      | Reached XP level 1. HP: 13/13 MP: 3/3
   417 | D:1      | Reached XP level 2. HP: 19/19 MP: 1/5
   999 | D:2      | Reached skill level 5 in Ice Magic
   999 | D:2      | Reached XP level 3. HP: 24/24 MP: 4/7
  1006 | D:2      | Learned a level 3 spell: Ozocubu's Armour
  1913 | D:3      | Reached XP level 4. HP: 24/30 MP: 0/8
  1921 | D:3      | Noticed a centaur
  1942 | D:2      | HP: 1/30 [orc wizard/magic dart (4)]
  2372 | D:3      | Found a glowing golden altar of the Shining One.
  2381 | D:3      | Noticed Terence
  2387 | D:3      | Killed Terence
  2387 | D:3      | Reached XP level 5. HP: 27/35 MP: 1/10
  2463 | D:3      | Learned a level 4 spell: Summon Ice Beast
  3006 | D:3      | Shot with an arrow by a centaur

Levels and vault maps discovered:
D:1:      minmay_arrival_five_plusses, layout_loops_ring,
          grunt_decor_mini_mirrors
D:2:      layout_loops_ring, first_ration, minmay_crystal_water
D:3:      layout_basic, tso_metal_star, nicolae_overflow_hidden_temple,
          uniq_terence, uniq_natasha

Skill      XL: |  1  2  3 |
---------------+----------+-----
Ice Magic      | 5 |  5.8
Spellcasting   | 3 |  3.6
Dodging        | |  2.6
Stealth        | |  2.1
Charms         | |  0.2
Summonings     | |  0.5

Action                   |  1- 3 |  4- 6 || total
-------------------------+-------+-------++-------
Melee: Spear             |    14 |       ||    14
       Trident           |     4 |     9 ||    13
       Flail             |       |    14 ||    14
Throw: Dart              |       |     7 ||     7
       Stone             |       |     1 ||     1
 Cast: Freeze            |    55 |    30 ||    85
       Ozocubu's Armour  |     2 |     2 ||     4
  Use: Scroll            |       |     7 ||     7
       Potion            |       |     2 ||     2
 Stab: Sleeping          |     1 |     2 ||     3
  Eat: Chunk             |     4 |     3 ||     7
Armor: Robe              |     9 |    18 ||    27
Dodge: Dodged            |    36 |    42 ||    78

Table legend:
 A = Non-vault XP
 B = Vault XP
 C = Vault XP percentage of total XP
 D = Non-vault monster count
 E = Vault monster count
 F = Vault count percentage of total count
                 A         B        C        D         E       F
            +---------+---------+-------+---------+---------+-------
      Total |     184 |      36 |  16.4 |      50 |       1 |   2.0
            +---------+---------+-------+---------+---------+-------
        D:1 |      20 |       0 |   0.0 |      15 |       0 |   0.0
        D:2 |      79 |       0 |   0.0 |      14 |       0 |   0.0
        D:3 |      85 |      36 |  29.8 |      21 |       1 |   4.5
            +---------+---------+-------+---------+---------+-------
